AoeStats
← Hyxar

Nomad

509706053Analyzed
2v2 RM · 3d ago on Sep 27, 2026· 58m 51s· 4 players
Game mode
Random Map
Map size
176×176
Population
200
Speed
Normal
Resources
Standard
Victory
Conquest
Starting age
Dark Age
Ending age
Imperial Age
RankedLock teamsTeams togetherTeam positionsShared explorationLock speedFull tech treeHidden civsTurbo modeCheats
Victory
Defeat
🇸🇪 Berbers · Sweden
1204
+15
🇸🇪 Portuguese · Sweden
1189
+17
🇫🇮 Hindustanis · Finland
1188
-16
🇩🇪 Malay · Germany
1187
-16
Rudester
4:19 Loom
14:01 Feudal Age
14:37 Double-Bit Axe
17:20 Fishing Lines
20:56 Castle Age
21:01 Medium Warships
21:21 Bow Saw
28:06 Ballistics
27:58 Gillnets
29:39 Fletching
29:49 Padded Archer Armor
30:32 Elite Skirmisher
33:38 Padded Archer Armor
34:07 Bodkin Arrow
33:58 Treadmill Crane
40:58 Imperial Age
39:05 Clinker Construction
39:03 Gold Mining
39:54 Leather Archer Armor
39:35 Stone Mining
41:36 Chemistry
41:19 Ring Archer Armor
41:32 Squires
42:19 Conscription
43:01 Thumb Ring
49:28 Elite Karambit Warrior
54:32 Pikeman
55:05 Halberdier
55:40 Halberdier
56:44 Crossbowman
58:00 Wheelbarrow
57:10 Town Watch
Paddy Power
6:16 Loom
14:25 Feudal Age
18:10 Castle Age
18:01 Double-Bit Axe
20:06 Husbandry
25:42 Fletching
27:59 Bow Saw
39:23 Forging
39:40 Scale Barding Armor
41:10 Iron Casting
50:26 Imperial Age
52:07 Redemption
52:25 Onager
Hyxar
3:18 Loom
13:50 Feudal Age
21:42 Castle Age
19:32 Double-Bit Axe
22:35 Fletching
23:36 Bodkin Arrow
24:13 Medium Warships
24:52 Bloodlines
24:42 Husbandry
25:59 Padded Archer Armor
28:04 Ballistics
34:57 Wheelbarrow
37:02 Scale Barding Armor
37:41 Bow Saw
37:15 Horse Collar
38:21 Chain Barding Armor
38:23 Leather Archer Armor
39:19 Forging
43:06 Imperial Age
41:33 Kasbah
43:35 Elite Camel Archer
44:17 Bracer
44:47 Ring Archer Armor
45:28 Conscription
47:28 Hand Cart
47:11 Cavalier
48:29 Plate Barding Armor
50:02 Iron Casting
50:31 Heavy Plow
52:41 Blast Furnace
54:31 Light Cavalry
56:33 Hussar
BorkJutsu
10:12 Loom
13:53 Feudal Age
14:29 Double-Bit Axe
24:32 Castle Age
22:25 Fletching
24:15 Fishing Lines
26:32 Medium Warships
27:56 Bow Saw
34:39 Imperial Age
32:36 Bodkin Arrow
34:58 Gold Mining
35:45 Elite Caravel
41:00 Gillnets
42:02 Wheelbarrow
41:56 Pikeman
46:47 Elite Organ Gun
48:45 Siege Engineers
50:31 Bracer
Connection lost

Rejoining the realm…

Still unreachable

The connection could not be restored.

Session expired

The server has moved on; the page needs a fresh start.